 Dungeon Crawl Stone Soup version 0.27-a0-907-g9722c47 (webtiles) character file.

Game seed: 1568406031812189972

997 Nithhogg the Skirmisher (level 7, -1/56 HPs)
             Began as a Demonspawn Fighter on Apr 7, 2021.
             Slain by Pikel
             ... wielding a +1 whip of freezing
              (4 damage)
             ... on level 5 of the Dungeon.
             The game lasted 00:08:12 (5036 turns).

Nithhogg the Skirmisher (Demonspawn Fighter)        Turns: 5036, Time: 00:08:13

Health: -1/56      AC: 10    Str: 18    XL:     7   Next: 99%
Magic:  7/7        EV:  7    Int: 10    God:
Gold:   1038       SH: 10    Dex: 12    Spells: 6/6 levels left

rFire    . . .     SeeInvis .   k - +0 double sword
rCold    . . .     Faith    .   c - +1 kite shield
rNeg     . . .     Spirit   .   b - +0 scale mail
rPois    .         Reflect  .   (helmet restricted)
rElec    .         Harm     .   (no cloak)
rCorr    .         Rampage  .   m - +2 pair of gloves
Will     .....                  (no boots)
Stlth    ..........             (no amulet)
HPRegen  0.18/turn              (no ring)
MPRegen  0.10/turn              (no ring)

@: no status effects
A: antennae 1, claws 2, spiny 1
a: no special abilities


You were on level 5 of the Dungeon.
You visited 1 branch of the dungeon, and saw 5 of its levels.

You collected 1038 gold pieces.

Inventory:

Hand Weapons
 a - a +0 long sword
 k - a +0 double sword (weapon)
 l - a +2 spear of pain
Armour
 b - a +0 scale mail (worn)
 c - a +1 kite shield (worn)
 m - a +2 pair of gloves (worn)
Jewellery
 d - a ring of magical power
 n - a +4 ring of protection
Wands
 w - a wand of mindburst (13)
Scrolls
 e - 5 scrolls of identify
 i - a scroll of noise
 j - a scroll of fog
 s - a scroll of magic mapping
 u - a scroll of vulnerability {unknown}
 v - a scroll of teleportation {unknown}
Potions
 f - a potion of brilliance {unknown}
 g - a potion of mutation {unknown}
 h - a potion of flight {unknown}
 o - a potion of heal wounds {unknown}
 p - a potion of cancellation {unknown}
 r - a potion of magic {unknown}
 t - a potion of attraction {unknown}
 x - a potion of lignification {unknown}


   Skills:
 + Level 5.4 Fighting
 + Level 4.5 Long Blades
 + Level 5.0 Armour
 + Level 4.9 Shields


You had 6 spell levels left.
You didn't know any spells.
Your spell library contained the following spells:

 Spells                   Type           Power      Damage    Failure   Level
 Animate Skeleton         Necr           0%         N/A       99%         1
 Apportation              Tloc           0%         N/A       99%         1
 Corona                   Hex            0%         N/A       99%         1
 Summon Small Mammal      Summ           0%         N/A       99%         1


Dungeon Overview and Level Annotations

Branches:
Dungeon (5/15)
 Temple: D:4-7

Altars:

Annotations:
D:5 2 runed translucent doors, Pikel


Innate Abilities, Weirdness & Mutations

You have a pair of small antennae on your head.
You have very sharp fingernails.
You are partially covered in sharp spines.


Message History

Pikel is severely wounded.
Pikel hits you with a +1 whip of freezing!
* * * LOW HITPOINT WARNING * * *
Pikel freezes you.
* * * LOW HITPOINT WARNING * * *
Pikel is struck by your spines.
Pikel hits you with a +1 whip of freezing.
* * * LOW HITPOINT WARNING * * *
Pikel freezes you.
* * * LOW HITPOINT WARNING * * *
You slash Pikel!
Pikel is almost dead.
Pikel barely misses you. The lemure hits you but does no damage.
Pikel says, "Don't tell anyone, but I think Ereshkigal likes me."
Pikel says, "Hell isn't that bad."
Pikel waves his whip at you. You block Pikel's attack.
There is a stone staircase leading up here.
You hit Pikel.
Pikel is almost dead.
You block Pikel's attack.
You closely miss Pikel.
Pikel is almost dead.
You block Pikel's attack. Pikel barely misses you.
You closely miss Pikel.
Pikel is almost dead.
Pikel hits you with a +1 whip of freezing.
* * * LOW HITPOINT WARNING * * *
Pikel freezes you.
* * * LOW HITPOINT WARNING * * *
Your shield and scale mail prevent you from hitting Pikel.
Pikel is almost dead.
Pikel says, "You'll rust in Dis!"
Pikel is struck by your spines.
Pikel hits you with a +1 whip of freezing.
* * * LOW HITPOINT WARNING * * *
Pikel freezes you.
* * * LOW HITPOINT WARNING * * *
Pikel hits you with a +1 whip of freezing.
You die...

#.#.### ##.....##
#....# ##..####.#
#....###..## ###
+####........##
.#8....#..#..#
..+..(....##.#
##8....[...#.#
......###...5########
#.<..## ##..555K@...#
#.....## #..#########
#...#..####.## ###..#
#.####..#..5.###..###
.## ##..........## .#
###...#5...###
.####.....##..##
..#..........5#
.........##...#######


You could see Pikel and 4 lemures.

Vanquished Creatures
  Sigmund (D:5)
  Eustachio (D:4)
  An ogre (D:5)
  A kobold brigand (D:3)
  A bullfrog (D:3)
  A jelly (D:5)
  3 hounds
  An orc priest (D:5)
  A bullfrog skeleton (D:5)
  3 iguanas
  An orc wizard (D:5)
  A killer bee zombie (D:3)
  A hound skeleton (D:5)
  5 adders
  A shadow imp (D:5)
  An adder skeleton (D:5)
  A worm (D:3)
  2 dart slugs
  10 orcs
  6 bats
  9 endoplasms
  4 giant cockroaches
  10 goblins
  5 hobgoblins
  11 jackals
  9 kobolds
  4 quokkas
  11 ball pythons
  2 frilled lizards
  2 rats
110 creatures vanquished.

Notes
Turn   | Place    | Note
-------+----------+-------------------------------------------
     0 | D:1      | Nithhogg the Demonspawn Fighter began the quest for the
                  | Orb.
     0 | D:1      | Reached XP level 1. HP: 18/18 MP: 1/1
   221 | D:1      | Gained mutation: You are partially covered in sharp spines.
                  | [demonic ancestry]
   221 | D:1      | Reached XP level 2. HP: 18/24 MP: 2/2
   532 | D:1      | Found a faded altar of an unknown god.
   875 | D:1      | Gained mutation: You have sharp fingernails. [demonic
                  | ancestry]
   875 | D:1      | Reached XP level 3. HP: 28/29 MP: 3/3
  1145 | D:2      | Reached XP level 4. HP: 16/35 MP: 4/4
  2093 | D:3      | Gained mutation: You have very sharp fingernails. [demonic
                  | ancestry]
  2093 | D:3      | Reached XP level 5. HP: 42/42 MP: 5/5
  2556 | D:3      | Reached XP level 6. HP: 27/48 MP: 6/6
  2831 | D:4      | Noticed Eustachio
  2864 | D:4      | Killed Eustachio
  3024 | D:4      | Identified a scroll of acquirement
  3024 | D:4      | Acquired 842 gold pieces
  3382 | D:4      | Gained mutation: You have a pair of small antennae on your
                  | head. [demonic ancestry]
  3382 | D:4      | Reached XP level 7. HP: 55/55 MP: 7/7
  3769 | D:5      | Entered Level 5 of the Dungeon
  4173 | D:5      | Noticed Sigmund
  4229 | D:5      | Killed Sigmund
  4230 | D:5      | Reached skill level 5 in Fighting
  4624 | D:5      | Found a large runed translucent door.
  4624 | D:5      | Found a large runed translucent door.
  4693 | D:5      | Reached skill level 5 in Armour
  4965 | D:5      | Noticed Pikel
  5036 | D:5      | Slain by Pikel

Illustrated notes

Levels and vault maps discovered:
D:1:      dpeg_arrival_tiny_j, layout_rooms, basic_ecumenical_altar
D:2:      layout_loops_ring
D:3:      layout_loops_ring
D:4:      layout_loops_cross, uniq_eustachio
D:5:      layout_layer_cave, jmf_multi_god_temple2, uniq_pikel, uniq_sigmund

Skill      XL: |  1  2  3  4  5  6  7 |
---------------+----------------------+-----
Long Blades    | 2 3 4 |  4.5
Shields        | 3 4 |  4.9
Armour         | 3 4 5 |  5.0
Fighting       | 4 5 |  5.4

Action                   |  1- 3 |  4- 6 |  7- 9 || total
-------------------------+-------+-------+-------++-------
Melee: Long sword        |    87 |    16 |       ||   103
       Spear             |       |   118 |       ||   118
       Double sword      |       |    15 |    78 ||    93
  Use: Scroll            |     2 |     4 |       ||     6
       Potion            |       |     1 |     2 ||     3
Armor: Scale mail        |    45 |    56 |    52 ||   153
Dodge: Dodged            |    32 |    33 |    20 ||    85
Block: Kite shield       |    41 |    91 |    55 ||   187
       Rpst.: Long sword |    11 |     2 |       ||    13
       Double sword      |       |     2 |     5 ||     7

Table legend: (Time is in decaauts)
 A = Elapsed time spent in this place.
 B = Non-inter-level travel time spent in this place.
 C = Inter-level travel time spent in this place.
 D = Time resting spent in this place.
 E = Time spent auto-exploring this place.
 F = Levels seen in this place.
 G = Mean time per level.
                   A        B        C        D        E       F      G
               +--------+--------+--------+--------+--------+-----+--------+
         Total |   5173 |   5005 |    168 |    514 |   3616 |   5 | 1034.6 |
       Dungeon |   5173 |   5005 |    168 |    514 |   3616 |   5 | 1034.6 |
               +--------+--------+--------+--------+--------+-----+--------+

Top non-repeatable levels by time:
     D:5: 1298 daAuts
     D:2: 1022 daAuts
     D:4: 968 daAuts
     D:1: 966 daAuts
     D:3: 917 daAuts
